Map: Forteresse de fer EC

Players

TONY

  • Race: Zerg Zerg

AgCl - Winner!

  • Race: Protoss Protoss

VOD

Have the link to the VOD?

Description

Time

  • Played on: May 12, 2015, 7:07 a.m.
  • Length: 13:15
Show
View Real Time Build Order
Export as new Build Order

TONY Zerg 

Build Orders: Pool First, Muta Ling Bane 

Get SALT Encoding   

  12  0:01  Drone  
  13  0:09  Drone  
  14  0:16  Extractor  
  14  0:17  Drone, Extractor  
  13  0:22  Drone  
  16  0:33  Overlord  
  16  0:54  Drone x2  
  16  0:56  Drone  
  19  1:00  Spawning Pool  
  19  1:03  Extractor  
  17  1:15  Drone  
  18  1:23  Hatchery  
  17  1:27  Drone  
  17  1:32  Drone  
  19  1:38  Drone  
  20  1:49  Queen  
  20  1:53  Overlord  
  22  2:08  Overlord  
  22  2:13  Extractor  
  21  2:19  Metabolic Boost  
  21  2:20  Zergling x2  
  21  2:22  Zergling x2  
  23  2:38  Drone  
  24  2:46  Drone  
  24  2:47  Drone  
  24  2:50  Drone  
  27  2:58  Zergling x2  
  28  2:59  Hatchery  
  28  3:00  Zergling x6  
  28  3:02  Zergling x2  
  31  3:07  Drone  
  31  3:11  Zergling x2  
  32  3:23  Drone, Queen  
  35  3:33  Lair  
  35  3:35  Drone  
  36  3:41  Overlord  
  36  3:44  Zergling x2  
  36  3:45  Zergling x2  
  38  3:54  Drone  
  39  4:03  Spore Crawler  
  39  4:04  Drone x2  
  39  4:05  Drone x2  
  42  4:10  Spore Crawler  
  41  4:24  Overlord  
  41  4:27  Zergling x2  
  41  4:28  Zergling x2  
  41  4:29  Zergling x6  
  46  4:32  Zergling x4  
  46  4:44  Spore Crawler  
  40  5:16  Zergling x2  
  40  5:17  Zergling x4  
  43  5:22  Spire  
  43  5:23  Drone  
  43  5:24  Drone x2, Baneling Nest  
  43  5:26  Extractor x2  
  42  5:34  Queen x2  
  46  5:41  Overlord  
  46  5:43  Drone  
  46  5:45  Drone x3  
  41  6:16  Zergling x4  
  41  6:17  Zergling x4  
  40  6:25  Drone x3  
  43  6:30  Centrifical Hooks  
  43  6:35  Mutalisk x3  
  43  6:39  Baneling  
  49  6:40  Baneling x7  
  49  6:43  Overseer x2  
  49  6:47  Mutalisk x2  
  49  6:49  Overseer  
  53  7:03  Drone x2  
  53  7:07  Mutalisk, Zergling x4  
  59  7:10  Zerg Flyer Weapons Level 1  
  59  7:21  Pneumatized Carapace  
  59  7:24  Ventral Sacs  
  59  7:36  Drone x4  
  59  7:37  Drone  
  64  7:48  Mutalisk x3  
  70  8:07  Overlord x3  
  70  8:12  Overseer  
  70  8:13  Mutalisk x2  
  74  8:22  Infestation Pit  
  73  8:33  Zergling x10  
  78  8:38  Zergling x16  
  86  8:50  Spore Crawler  
  85  8:55  Mutalisk  
  85  8:56  Mutalisk x2  
  91  9:06  Hive  
  85  9:53  Mutalisk x5  
  85  10:37  Mutalisk x5  
  71  10:55  Hydralisk Den  
  57  11:32  Viper x2  
  55  11:34  Corruptor  
  62  11:41  Overlord  
  62  11:48  Corruptor  
  64  11:58  Spore Crawler, Queen  
  65  12:11  Corruptor x3  
  71  12:26  Corruptor  
Show
View Real Time Build Order
Export as new Build Order

AgCl Protoss - Winner!

Build Orders: Oracle Opening, Oracle Opening 

Get SALT Encoding   

  12  0:13  Probe  
  13  0:16  Pylon  
  13  0:25  Probe  
  14  0:39  Gateway  
  14  0:40  Assimilator  
  14  0:46  Probe  
  15  0:58  Probe (Chrono Boost)  
  16  1:10  Probe (Chrono Boost)  
  17  1:18  Probe (Chrono Boost)  
  18  1:27  Probe (Chrono Boost)  
  18  1:30  Pylon  
  18  1:31  Cybernetics Core  
  19  1:39  Probe (Chrono Boost)  
  20  1:48  Probe (Chrono Boost)  
  21  1:56  Probe  
  22  2:03  Assimilator  
  22  2:11  Nexus  
  22  2:13  Mothership Core (Chrono Boost)  
  24  2:19  Adept  
  24  2:22  Warp Gate  
  26  2:27  Probe (Chrono Boost)  
  27  2:39  Probe  
  28  2:51  Stargate  
  28  2:55  Probe  
  29  3:07  Probe, Pylon  
  29  3:12  Pylon  
  30  3:24  Probe (Chrono Boost)  
  32  3:27  Probe (Chrono Boost)  
  33  3:34  Probe (Chrono Boost)  
  33  3:35  Oracle (Chrono Boost)  
  33  3:37  Probe (Chrono Boost)  
  37  3:41  Probe (Chrono Boost)  
  37  3:42  Assimilator  
  37  3:45  Pylon  
  37  3:47  Probe (Chrono Boost)  
  39  3:53  Probe (Chrono Boost)  
  39  3:54  Pylon  
  40  3:57  Probe (Chrono Boost)  
  41  4:03  Probe (Chrono Boost)  
  43  4:10  Probe (Chrono Boost)  
  43  4:12  Probe (Chrono Boost)  
  43  4:13  Pylon  
  45  4:19  Assimilator  
  45  4:20  Probe x2 (Chrono Boost)  
  46  4:30  Probe (Chrono Boost)  
  48  4:32  Probe (Chrono Boost)  
  48  4:34  Void Ray (Chrono Boost)  
  48  4:37  Probe  
  53  4:41  Probe  
  54  4:49  Probe  
  55  4:53  Probe  
  55  5:16  Gateway  
  55  5:28  Probe  
  56  5:35  Forge  
  56  5:37  Gateway  
  56  5:40  Probe (Chrono Boost)  
  58  5:46  Probe (Chrono Boost)  
  59  5:50  Probe (Chrono Boost), Adept  
  59  5:53  Probe (Chrono Boost)  
  56  6:26  Gateway x2  
  56  6:32  Protoss Air Weapons Level 1 (Chrono Boost)  
  56  6:35  Phoenix (Chrono Boost)  
  56  6:39  Nexus, Assimilator  
  58  6:40  Fleet Beacon  
  58  6:42  Probe, Assimilator  
  58  6:43  Stargate  
  58  6:44  Probe, Pylon  
  58  6:45  Pylon  
  60  7:04  Photon Cannon  
  60  7:05  Probe (Chrono Boost)  
  62  7:11  Probe (Chrono Boost)  
  62  7:12  Carrier (Chrono Boost)  
  62  7:13  Pylon  
  62  7:14  Probe (Chrono Boost), Photon Cannon  
  63  7:23  Probe  
  66  7:30  Graviton Catapult (Chrono Boost)  
  70  7:38  Probe  
  70  7:43  Probe  
  72  7:50  Probe  
  73  7:55  Probe  
  73  7:57  Phoenix (Chrono Boost)  
  76  8:01  Protoss Ground Weapons Level 1  
  76  8:03  Photon Cannon  
  76  8:04  Pylon  
  76  8:12  Probe x2  
  78  8:13  Twilight Council, Probe  
  79  8:24  Probe x2  
  79  8:25  Probe  
  82  8:31  Photon Cannon  
  82  8:34  Pylon  
  82  8:36  Probe  
  82  8:38  Protoss Air Weapons Level 2 (Chrono Boost)  
  83  8:41  Anion Pulse-Crystals (Chrono Boost)  
  83  8:45  Phoenix (Chrono Boost)  
  83  8:47  Probe  
  86  8:48  Probe  
  86  8:49  Probe  
  88  8:57  Carrier (Chrono Boost)  
  94  9:19  Probe  
  94  9:20  Probe  
  94  9:21  Probe  
  94  9:22  Nexus  
  94  9:24  Carrier (Chrono Boost)  
  97  9:25  Photon Cannon  
  103  9:49  Stargate  
  103  9:53  Templar Archives  
  103  9:54  Dark Shrine  
  103  9:56  Pylon, Carrier (Chrono Boost)  
  99  10:20  Assimilator  
  104  10:24  Assimilator  
  104  10:28  Pylon  
  99  10:39  Carrier (Chrono Boost)  
  99  10:40  Carrier (Chrono Boost)  
  111  10:59  Robotics Facility  
  111  11:01  Carrier (Chrono Boost)  
  111  11:03  Pylon  
  111  11:05  Pylon x2  
  111  11:10  Forge  
  113  11:20  Probe (Chrono Boost)  
  117  11:26  Templar Archives, Probe x3 (Chrono Boost)  
  117  11:30  Carrier (Chrono Boost)  
  117  11:36  Forge  
  117  11:37  Cybernetics Core  
  123  11:59  Gateway x2  
  123  12:00  Gateway  
  123  12:02  Gateway  
  123  12:04  Gateway  
  123  12:05  Probe (Chrono Boost)  
  124  12:09  Probe (Chrono Boost), Photon Cannon x2  
  124  12:15  Probe x2 (Chrono Boost), Pylon  
  128  12:18  Probe (Chrono Boost)  
  128  12:20  Observer (Chrono Boost)  
  129  12:35  Observer (Chrono Boost)  
  142  13:13  Pylon  
Tags
 
Add a new tag
Caveats
  • Supply blocks, unpowered buildings, or Contaminate may cause inaccurate times.
  • Supply counts are checked every 10 seconds.